 Dungeon Crawl Stone Soup version 0.30-a0-748-ge6a52f7cba (webtiles) character file.

Game seed: 15409734053822414688

458 IdlyInterested the Shield-Bearer (level 7, -3/52 HPs)
             Began as a Formicid Fighter on Feb 8, 2023.
             Slain by a black bear (5 damage)
             ... on level 4 of the Dungeon.
             The game lasted 00:07:48 (3392 turns).

IdlyInterested the Shield-Bearer (Formicid Fighter) Turns: 3392, Time: 00:07:49

Health: -3/52      AC: 12    Str: 20    XL:     7   Next: 27%
Magic:  7/7        EV:  8    Int:  8    God:
Gold:   152        SH:  7    Dex: 15    Spells: 6/6 levels left

rFire   . . .      SeeInvis +    a - +1 long sword
rCold   . . .      Faith    .    c - +1 buckler
rNeg    . . .      Spirit   .    f - +0 chain mail
rPois   .          Reflect  .    (helmet unavailable)
rElec   .          Harm     .    m - +0 cloak
rCorr   .          Rampage  .    b - +1 pair of gloves
Will    .....                    (no boots) Stlth
                                 (no amulet)
HPRegen 0.28/turn                (no ring)
MPRegen 0.10/turn                (no ring)

@: no status effects
A: permanent stasis, dig shafts and tunnels, antennae 3, four strong arms
a: Dig, Shaft Self


You were on level 4 of the Dungeon.
You visited 1 branch of the dungeon, and saw 4 of its levels.

You collected 152 gold pieces.

Inventory:

Hand Weapons
 a - a +1 long sword (weapon)
Missiles
 h - 5 boomerangs
 k - 15 stones (quivered)
 n - 11 poisoned darts
Armour
 b - a +1 pair of gloves (worn)
 c - a +1 buckler (worn)
 f - a +0 chain mail (worn)
 m - a +0 cloak (worn)
Scrolls
 e - a scroll of poison
 q - a scroll of enchant weapon
 r - a scroll of enchant armour
 s - a scroll of magic mapping
Potions
 d - 3 potions of might
 g - 2 potions of lignification {unknown}
 i - 3 potions of curing {unknown}
 j - 3 potions of heal wounds {unknown}
 l - a potion of brilliance {unknown}
 o - a potion of attraction {unknown}
 p - a potion of flight {unknown}


   Skills:
 - Level 3.2 Fighting
 * Level 4.9 Long Blades
 - Level 1.0 Throwing
 - Level 3.2 Armour
 + Level 1.9 Dodging
 - Level 1.0 Stealth
 * Level 7.2 Shields


You had 6 spell levels left.
You didn't know any spells.
Your spell library contained the following spells:

 Spells                   Type           Power      Damage    Failure   Level
 Passage of Golubria      Tloc           0%         N/A       100%        4
 Silence                  Hex/Air        0%         N/A       100%        5
 Lehudib's Crystal Spear  Conj/Erth      0%         10d2      100%        8


Dungeon Overview and Level Annotations

Branches:
Dungeon (4/15)
 Temple: D:4-7

Altars:


Innate Abilities, Weirdness & Mutations

You cannot be hasted, slowed, berserked, paralysed or teleported.
You can dig through walls and to a lower floor.
You have a pair of large antennae on your head. (SInv)
Your four strong arms can wield two-handed weapons with a shield.


Message History

The black bear claws you but does no damage.
You barely miss the black bear.
The black bear is almost dead.
The black bear bites you.
The black bear claws you but does no damage.
The black bear barely misses you.
You hit the black bear but do no damage.
The black bear is almost dead.
The black bear barely misses you.
The black bear claws you but does no damage. x2
The black bear bites you but does no damage.
You block the black bear's attack. The black bear closely misses you.
You hit the black bear but do no damage.
The black bear is almost dead.
The black bear bites you! The black bear barely misses you.
The black bear claws you but does no damage.
The black bear bites you. The black bear closely misses you.
The black bear claws you but does no damage.
You barely miss the black bear.
The black bear is almost dead.
The black bear bites you but does no damage.
You block the black bear's attack.
The black bear claws you but does no damage.
The black bear completely misses you.
The black bear claws you but does no damage.
The black bear closely misses you.
You barely miss the black bear.
The black bear is almost dead.
The black bear bites you!
* * * LOW HITPOINT WARNING * * *
You block the black bear's attack. x2
You hit the black bear.
The black bear is almost dead.
The black bear bites you.
* * * LOW HITPOINT WARNING * * *
The black bear claws you but does no damage.
The black bear barely misses you.
The black bear bites you but does no damage.
The black bear claws you.
You die...

#* ************ .*
#..........# .*
#...)......# .*
#.......[..# .*
#..........#
.**********#..........#
.,,,,,,,,,,+........>.#
#**********#...).h....#
### #....@.....# ..#
#.........!# ..#
#..........# ..#
##......#.## ..#
#......#,# ..#
#......#.# ..#
#......#.# ..#
#......#.# ..#
#......#.#


You could see a black bear (berserk).

Vanquished Creatures
  A black bear (D:4)
  2 scorpions (D:4)
  A howler monkey (D:4)
  2 hounds (D:4)
  An iguana (D:4)
  Jessica (D:2)
  3 adders
  3 dart slugs
  An orc (D:4)
  8 endoplasms
  2 giant cockroaches
  7 goblins
  6 hobgoblins
  6 jackals
  7 quokkas
  4 ball pythons
  6 bats
  3 frilled lizards
  7 kobolds
  3 rats
74 creatures vanquished.

Notes
Turn   | Place    | Note
-------+----------+-------------------------------------------
     0 | D:1      | IdlyInterested the Formicid Fighter began the quest for the
                  | Orb.
     0 | D:1      | Reached XP level 1. HP: 18/18 MP: 1/1
    64 | D:1      | Found a faded altar of an unknown god.
   152 | D:1      | Reached XP level 2. HP: 24/24 MP: 2/2
   233 | D:1      | Reached skill level 1 in Stealth
   315 | D:1      | Reached XP level 3. HP: 22/29 MP: 3/3
   971 | D:2      | Reached skill level 5 in Shields
   971 | D:2      | Reached XP level 4. HP: 31/35 MP: 4/4
  1497 | D:2      | Noticed Jessica
  1517 | D:2      | Killed Jessica
  1518 | D:2      | Reached skill level 1 in Dodging
  1888 | D:3      | Reached XP level 5. HP: 38/41 MP: 5/5
  2806 | D:4      | Reached skill level 1 in Throwing
  2806 | D:4      | Reached skill level 6 in Shields
  2806 | D:4      | Reached XP level 6. HP: 38/47 MP: 6/6
  3009 | D:4      | Noticed a black bear
  3019 | D:4      | Killed a black bear
  3020 | D:4      | Reached skill level 7 in Shields
  3020 | D:4      | Reached XP level 7. HP: 43/52 MP: 7/7
  3392 | D:4      | HP: 2/52 [black bear (5)]
  3392 | D:4      | Slain by a black bear

Illustrated notes

Levels and vault maps discovered:
D:1:      dpeg_arrival_round_c, layout_loops_ring, ebering_ecumenical_altar_box
D:2:      layout_rooms, uniq_jessica
D:3:      layout_basic
D:4:      layout_basic, jmf_multi_god_temple2, minivault_14, abandoned_shop,
          nicolae_figureground_sparkle

Skill      XL: |  1  2  3  4  5  6 |
---------------+-------------------+-----
Stealth        | 1 |  1.0
Shields        | 5 6 7 |  7.2
Long Blades    | 3 4 |  4.9
Dodging        | 1 |  1.9
Throwing       | 1 |  1.0
Fighting       | |  3.2
Armour         | |  3.2

Action                     |  1- 3 |  4- 6 |  7- 9 || total
---------------------------+-------+-------+-------++-------
  Melee: Long sword        |    96 |   141 |    44 ||   281
  Throw: Stone             |       |    37 |     6 ||    43
    Use: Scroll            |       |     9 |       ||     9
 Armour: Scale mail        |    41 |    15 |       ||    56
         Chain mail        |       |    71 |    56 ||   127
  Dodge: Dodged            |    44 |    51 |    26 ||   121
  Block: Buckler           |    25 |    48 |    20 ||    93

Table legend: (Time is in decaauts)
 A = Elapsed time spent in this place.
 B = Non-inter-level travel time spent in this place.
 C = Inter-level travel time spent in this place.
 D = Time resting spent in this place.
 E = Time spent auto-exploring this place.
 F = Levels seen in this place.
 G = Mean time per level.
                   A        B        C        D        E       F      G
               +--------+--------+--------+--------+--------+-----+--------+
         Total |   3472 |   3100 |    372 |    508 |   1624 |   4 |  868.0 |
       Dungeon |   3472 |   3100 |    372 |    508 |   1624 |   4 |  868.0 |
               +--------+--------+--------+--------+--------+-----+--------+

Top non-repeatable levels by time:
     D:1: 1076 daAuts
     D:3: 960 daAuts
     D:2: 810 daAuts
     D:4: 625 daAuts
